 Dungeon Crawl Stone Soup version 0.31.0-11-ge490571c62 (webtiles) character file.

Game seed: 3210075730024154217

417 qw the Shooter (level 6, -2/30 HPs)
             Began as a Spriggan Hunter on Feb 4, 2024.
             Slain by an elf zombie (6 damage)
             ... in an ossuary.
             The game lasted 00:00:09 (2157 turns).

qw the Shooter (Spriggan Hunter)                    Turns: 2157, Time: 00:00:10

Health: -2/30      AC:  3    Str:  7    XL:     6   Next: 61%
Magic:  7/7        EV: 26    Int: 11    God:
Gold:   84         SH:  0    Dex: 20    Spells: 5/5 levels left

rFire   . . .        a - +0 shortbow
rCold   . . .        (shield currently unavailable)
rNeg    . . .        c - +0 robe
rPois   .            (helmet restricted)
rElec   .            l - +0 cloak
rCorr   .            (gloves unavailable)
SInv    +            (boots unavailable)
Will    +....        (no amulet)
Stlth   ++           m - +5 ring of evasion
HPRegen 0.25/turn    (no ring)
MPRegen 0.10/turn

%: no passive effects
@: very quick
A: very small, no large weapons, unfitting armour, see invisible, speed 3
a: no special abilities


You were in an ossuary.
You visited 1 branch of the dungeon, and saw 4 of its levels.
You also visited: Ossuary.

You collected 84 gold pieces.


Innate Abilities, Weirdness & Mutations

You are very small and have problems with some larger weapons.
You are too small for most types of armour.
You have supernaturally acute eyesight. (SInv)
You cover ground extremely quickly. (Speed+++)


   Skills:
 - Level 2.1 Fighting
 + Level 6.5 Ranged Weapons
 - Level 6.2 Dodging
 - Level 1.5 Stealth


You had 5 spell levels left.
You didn't know any spells.
Your spell library was empty.

Inventory:

Hand Weapons
 a - a +0 shortbow (weapon)
Armour
 c - a +0 robe (worn)
 l - a +0 cloak (worn)
Jewellery
 m - a +5 ring of evasion (left hand)
Potions
 d - a potion of enlightenment
 g - a potion of cancellation
 i - a potion of mutation {unknown}
 j - a potion of curing

Dungeon Overview and Level Annotations

Branches:
Dungeon (4/15)            Ossuary (1/1)
 Temple: D:4-7

Altars:
Elyvilon
Wu Jian
Zin


Message History

You shoot an arrow.
The arrow closely misses the elf zombie.
The hound zombie completely misses you. The elf zombie hits you.
You shoot an arrow. The arrow hits the elf zombie!
The elf zombie is heavily damaged.
The hound zombie barely misses you.
The hound zombie bites you but does no damage.
The elf zombie hits you.
You shoot an arrow. The arrow barely misses the elf zombie.
The hound zombie barely misses you. The elf zombie completely misses you.
You shoot an arrow.
The arrow closely misses the elf zombie.
The hound zombie barely misses you.
You shoot an arrow. The arrow hits the elf zombie.
The elf zombie is heavily damaged.
The hound zombie completely misses you. The elf zombie closely misses you.
The hound zombie completely misses you.
You shoot an arrow.
The arrow completely misses the elf zombie.
The hound zombie bites you. The elf zombie hits you.
You shoot an arrow. The arrow hits the elf zombie!
The elf zombie is severely damaged.
The hound zombie bites you. The elf zombie completely misses you.
The hound zombie closely misses you.
You shoot an arrow. The arrow hits the elf zombie!
The elf zombie is severely damaged.
The hound zombie barely misses you. The elf zombie closely misses you.
You shoot an arrow.
The arrow hits the elf zombie but does no damage.
The elf zombie is severely damaged.
The hound zombie bites you. The elf zombie barely misses you.
You shoot an arrow. The arrow barely misses the elf zombie.
The hound zombie completely misses you. x2; The elf zombie hits you.
You shoot an arrow. The arrow hits the elf zombie.
The elf zombie is severely damaged.
The hound zombie misses you.
You shoot an arrow.
The arrow closely misses the elf zombie.
The hound zombie completely misses you. The elf zombie hits you.
You die...

##################
......\\.........#
.............@Z..#
##############Z..#
...# ...# ...#
...# ...# ...#


You could see a hound zombie and an elf zombie.

Vanquished Creatures
  A black bear (D:4)
  A scorpion (D:4)
  A killer bee (D:4)
  A jelly (D:4)
  A hound zombie (Ossuary)
  A mummy (D:4)
  4 gnolls (D:4)
  5 adders
  4 dart slugs
  A ribbon worm (D:2)
  An orc (D:3)
  7 bats
  7 endoplasms
  7 giant cockroaches
  6 goblins
  7 hobgoblins
  4 jackals (D:1)
  5 quokkas
  8 ball pythons
  3 frilled lizards
  4 kobolds
  2 kobold zombies (Ossuary)
  2 rats
83 creatures vanquished.

Notes
Turn   | Place    | Note
-------+----------+-------------------------------------------
     0 | D:1      | qw the Spriggan Hunter began the quest for the Orb.
     0 | D:1      | Reached XP level 1. HP: 10/10 MP: 2/2
     0 | D:1      | 0 ||| qw: Version: 0.3-a-160-g6735b56
     0 | D:1      | 0 ||| qw: Game counter: 4508
     0 | D:1      | 0 ||| qw: Melee chars always use a shield: true
     0 | D:1      | 0 ||| qw: God list: Okawaru
     0 | D:1      | 0 ||| qw: Allow faded altars: false
     0 | D:1      | 0 ||| qw: Do Orc after clearing Dungeon:15 true
     0 | D:1      | 0 ||| qw: Do second Lair branch before Depths: true
     0 | D:1      | 0 ||| qw: Lair rune preference: random
     0 | D:1      | 0 ||| qw: Goals: Normal
     0 | D:1      | 0 ||| PLANNING D:1-11
    62 | D:1      | Reached skill level 3 in Dodging
   100 | D:1      | Reached XP level 2. HP: 14/14 MP: 3/3
   394 | D:1      | Reached XP level 3. HP: 16/18 MP: 4/4
   438 | D:1      | 438 ||| READING scroll labelled XESIATIQYH.
   439 | D:1      | 439 ||| READING scroll labelled VIJUERISMA.
   470 | D:1      | 470 ||| READING scroll labelled TUTUTHREOTY.
   471 | D:1      | 471 ||| READING 2 scrolls labelled NETZEP VEESTRAPN.
   471 | D:1      | 471 ||| IDENTIFYING purple potion
   472 | D:1      | 472 ||| READING scroll of identify.
   472 | D:1      | 472 ||| IDENTIFYING scroll labelled LIDUTI QIORGHO
   473 | D:1      | 473 ||| READING scroll labelled EWEIMA CAXTEFFE.
   474 | D:1      | 474 ||| DROPPING scroll of butterflies.
   475 | D:1      | 475 ||| DROPPING scroll of immolation.
   845 | D:2      | 845 ||| READING scroll labelled CEUGYE JUYDD.
   846 | D:2      | 846 ||| READING scroll labelled SUADALOASE.
   914 | D:3      | Reached XP level 4. HP: 19/22 MP: 5/5
  1071 | D:3      | Found a glowing silver altar of Zin.
  1304 | D:3      | Found an ornate altar of the Wu Jian Council.
  1625 | D:3      | 1625 ||| UPGRADING to +0 cloak.
  1630 | D:3      | 1630 ||| UPGRADING to +5 ring of evasion.
  1631 | D:3      | 1631 ||| READING scroll of identify.
  1631 | D:3      | 1631 ||| IDENTIFYING fuming cyan potion
  1632 | D:3      | 1632 ||| DRINKING 2 bubbling coppery potions.
  1633 | D:3      | 1633 ||| DRINKING 2 sedimented ruby potions.
  1634 | D:3      | 1634 ||| DRINKING 2 cyan potions.
  1635 | D:3      | 1635 ||| DRINKING 2 yellow potions.
  1636 | D:3      | 1636 ||| DROPPING potion of invisibility.
  1637 | D:3      | 1637 ||| DROPPING potion of attraction.
  1661 | D:4      | 1661 ||| PLANNING OSSUARY
  1691 | D:4      | Found a white marble altar of Elyvilon.
  1736 | D:4      | Reached XP level 5. HP: 26/26 MP: 6/6
  1906 | D:4      | Reached skill level 6 in Ranged Weapons
  1936 | D:4      | Noticed a black bear
  1943 | D:4      | HP: 3/26 [black bear (4)]
  1944 | D:4      | 1944 ||| DRINKING potion of heal wounds.
  1947 | D:4      | Killed a black bear
  1948 | D:4      | Reached skill level 6 in Dodging
  1948 | D:4      | Reached XP level 6. HP: 2/30 MP: 7/7
  2105 | D:4      | Found a sand-covered staircase.
  2110 | D:4      | 2110 ||| READING 2 scrolls of identify.
  2110 | D:4      | 2110 ||| IDENTIFYING glowing clear potion
  2111 | D:4      | 2111 ||| READING scroll of identify.
  2111 | D:4      | 2111 ||| IDENTIFYING bubbling ruby potion
  2112 | D:4      | 2112 ||| READING scroll labelled GIP VASCHORAJUYPAJ.
  2113 | D:4      | 2113 ||| DROPPING potion of lignification.
  2114 | D:4      | 2114 ||| DROPPING potion of degeneration.
  2120 | Ossuary  | Entered an ossuary
  2152 | Ossuary  | HP: 7/30 [hound zombie (2)]
  2155 | Ossuary  | HP: 3/30 [elf zombie (3)]
  2157 | Ossuary  | Slain by an elf zombie

Levels and vault maps discovered:
D:1:      dpeg_arrival_tiny_b, layout_rooms
D:2:      layout_rooms
D:3:      layout_loops_ring, nzn_wu_jian_contemplation, zin_scriptorium
D:4:      layout_rooms, elyvilon_altar_3, minmay_temple_entry_antechambers,
          gup_ossuary_entry_pyramid, minmay_misc_feat_square,
          minmay_manual_monstrance
Ossuary:  ossuary_tomb_1

Skill      XL: |  1  2  3  4  5 |
---------------+----------------+-----
Dodging        | 3 4 5 6 |  6.2
Ranged Weapons | 5 6 |  6.5
Fighting       | 2 |  2.1
Stealth        | |  1.5

Action                     |  1- 3 |  4- 6 || total
---------------------------+-------+-------++-------
   Fire: Shortbow          |   102 |   175 ||   277
    Use: Scroll            |     8 |     4 ||    12
         Potion            |       |     5 ||     5
 Armour: Robe              |     5 |    29 ||    34
  Dodge: Dodged            |    30 |   102 ||   132

Table legend:
 A = Non-vault XP
 B = Vault XP
 C = Vault XP percentage of total XP
 D = Non-vault monster count
 E = Vault monster count
 F = Vault count percentage of total count
                 A         B        C        D         E       F
            +---------+---------+-------+---------+---------+-------
      Total |     283 |     313 |  52.5 |      73 |      10 |  12.0
            +---------+---------+-------+---------+---------+-------
        D:1 |      42 |       0 |   0.0 |      24 |       0 |   0.0
        D:2 |      42 |       0 |   0.0 |      14 |       0 |   0.0
        D:3 |      67 |       0 |   0.0 |      23 |       0 |   0.0
        D:4 |     132 |     291 |  68.8 |      12 |       7 |  36.8
    Ossuary |       0 |      22 | 100.0 |       0 |       3 | 100.0
            +---------+---------+-------+---------+---------+-------
